[Event "1.FrauenBL 2016-17"]
[Site "Berlin"]
[Date "2017.04.29"]
[Round "11.5"]
[White "Kube, Hannelore"]
[Black "Scognamiglio, Stefanie"]
[Result "1/2-1/2"]
[ECO "A36"]
[WhiteElo "1930"]
[BlackElo "2086"]
[Annotator "NA"]
[PlyCount "69"]
[EventDate "2017.??.??"]
[EventType "team-tourn"]
[EventCountry "GER"]
[SourceTitle "playchess.com"]
[Source "ChessBase"]
[SourceQuality "1"]
[WhiteTeam "SV Medizin Erfurt"]
[BlackTeam "Hamburger SK"]
[TimeControl "40/6000+30:3000+30"]

1. c4 c5 2. Nc3 Nc6 3. g3 g6 4. Bg2 Bg7 5. e4 d6 6. Nge2 e6 7. d3 Nge7 8. O-O O-O 9. Be3 Nd4 10. Qd2 Nec6 11. Bh6 Rb8 12. Bxg7 Kxg7 13. Nxd4 Nxd4 {[%emt 1:20:41] LiveBook: 5 Games} 14. Ne2 {[%emt 1:20:41] A36: Symmetrical English vs ...g6: 4 Bg2 Bg7} (14. Rab1 a6 15. Ne2 Nxe2+ 16. Qxe2 b5 17. e5 Bb7 18. b3 Bxg2 19. Kxg2 Qc7 20. Rbe1 Rfd8 21. f4 d5 22. cxb5 axb5 {0-1 (47) Axelrod,A (2328)-Popilski,G (2523) Acre 2013}) 14... Nxe2+ 15. Qxe2 e5 16. h4 $146 (16. f4 f6 17. Qe3 b5 18. b3 Qe7 19. Rf2 Bd7 20. Raf1 a5 21. h3 a4 {0-1 (68) Burgos Figueroa,C (2285)-Cruz,J (2292) Mollet del Valles 2009}) 16... Bd7 17. Kh2 Qc8 18. Qe3 a5 19. a4 Qe8 20. b3 Qc8 21. Ra2 f6 22. f4 Qc7 23. Raf2 Qb6 24. Bh3 Bxh3 25. Kxh3 Rbc8 26. Rb1 Rc6 27. f5 $16 Qd8 28. g4 Rc7 29. Rg1 Rh8 30. g5 Rf7 31. h5 Kf8 32. h6 fxg5 33. Rxg5 Qd7 34. Kh2 Ke8 35. fxg6 1/2-1/2

[Event "1.FrauenBL 2016-17"]
[Site "Berlin"]
[Date "2017.04.29"]
[Round "11.6"]
[White "Tammert, Iamze"]
[Black "Schneider, Veronika"]
[Result "1-0"]
[ECO "A25"]
[WhiteElo "2290"]
[BlackElo "2230"]
[Annotator "NA"]
[PlyCount "63"]
[EventDate "2017.??.??"]
[EventType "team-tourn"]
[EventCountry "GER"]
[SourceTitle "playchess.com"]
[Source "ChessBase"]
[SourceQuality "1"]
[WhiteTeam "OSG Baden-Baden"]
[BlackTeam "SC Bad Königshofen"]
[TimeControl "40/6000+30:3000+30"]

1. c4 e5 2. Nc3 Nc6 3. g3 Bc5 4. Bg2 a6 {[%emt 1:30:43] A25: English Opening vs King's Indian with ...Nc6 but without early d3} 5. e3 (5. Nf3 d6 6. d3 Nf6 7. O-O h6 8. a3 O-O 9. b4 Ba7 10. Bb2 Re8 11. e3 Ne7 12. Nd2 Rb8 13. Nde4 Ng6 14. Rc1 c6 15. c5 Nxe4 16. Nxe4 d5 17. Nd6 Bd7 18. Nxe8 Qxe8 {0-1 (44) Grischuk,A (2754)-Carlsen,M (2857) chess.com INT 2016}) 5... d6 6. Nf3 Ba7 7. d4 Bg4 8. h3 Bh5 $146 (8... Bxf3 9. Bxf3 exd4 10. exd4 Nge7 11. Be3 Nf5 12. Qd3 Nfxd4 13. Bxd4 Nxd4 14. Bxb7 {½-½ (38) Fridman,D (2597)-Hansen,S (2590) Germany 2016}) 9. Qa4 Qd7 10. dxe5 dxe5 11. O-O Bxf3 12. Bxf3 Nge7 13. Nd5 (13. b4 $18 {is more deadly.}) 13... O-O-O 14. b4 ({Reject} 14. Bd2 $6 Qxh3 15. Bc3 (15. Bg2 Qg4 16. Nxe7+ Nxe7 $11) 15... Nf5 $11) 14... f5 {[%emt 0:58:30] [#]} ({Wrong is} 14... Qxh3 $2 15. b5 $18) (14... Nxd5 $16 15. Bxd5 (15. cxd5 Ne7 16. Qxd7+ Rxd7 $14) 15... Kb8) 15. b5 $1 Nb8 16. Ba3 Nxd5 17. Bxd5 ({But not} 17. cxd5 $6 Qxb5 18. Qxb5 axb5 $14) 17... f4 (17... c6 {keeps fighting.}) 18. exf4 exf4 19. g4 Rhe8 20. Rad1 c6 21. Bxc6 Qf7 22. Bxe8 Rxe8 23. Rfe1 f3 24. b6 Rxe1+ 25. Rxe1 Bxb6 26. Qe8+ Qxe8 27. Rxe8+ Bd8 28. Be7 Nc6 29. Bxd8 Nxd8 30. Re7 g5 31. Rxh7 $18 Ne6 32. Kh2 1-0

[Event "1.FrauenBL 2016-17"]
[Site "Berlin"]
[Date "2017.04.29"]
[Round "11.6"]
[White "Mader, Manuela"]
[Black "Kazarian, Anna-Maja"]
[Result "1-0"]
[ECO "B22"]
[WhiteElo "2219"]
[BlackElo "2257"]
[Annotator "NA"]
[PlyCount "98"]
[EventDate "2017.??.??"]
[EventType "team-tourn"]
[EventCountry "GER"]
[SourceTitle "playchess.com"]
[Source "ChessBase"]
[SourceQuality "1"]
[WhiteTeam "Karlsruher SF"]
[BlackTeam "Rodewischer SM"]
[TimeControl "40/6000+30:3000+30"]

1. e4 c5 2. c3 d5 3. exd5 Qxd5 4. d4 Nc6 5. Nf3 Bg4 6. dxc5 Qxd1+ 7. Kxd1 O-O-O+ {[%emt 1:30:01] B22: Sicilian: 2 c3} (7... e5 8. b4 a5 9. b5 Na7 10. Be3 Ne7 11. Kc2 f6 12. a4 Nd5 13. c6 Bf5+ 14. Kc1 Nxe3 15. cxb7 {0-1 (78) Zhigalko,S (2678)-Al Modiahki,M (2549) Dubai 2014}) 8. Nbd2 e5 9. b4 e4 (9... Nf6 $14) 10. h3 Bf5 {[%emt 0:59:58] [#]} 11. g4 $1 exf3 12. gxf5 Be7 $146 (12... Nge7 13. Kc2 Nxf5 14. Nxf3 Be7 15. Bd3 {1-0 (30) Michalek,J (2365)-Vozka,P (2299) Czechia 2001}) 13. Kc2 Bf6 14. a3 ({Not} 14. Nxf3 Nxb4+ 15. cxb4 Bxa1 $11) 14... Nge7 15. Nxf3 Nd5 16. Bd2 Rhe8 17. Bc4 Re4 18. Bd3 Re7 19. Rae1 Red7 20. Bc4 h6 21. Re2 a6 22. Rhe1 Nce7 23. Kb3 Nxf5 24. Ne5 Re7 (24... Bxe5 $16 25. Rxe5 Nh4) 25. Ng4 Bh4 26. Bd3 g6 27. Bxf5+ gxf5 28. Nxh6 Rxe2 29. Rxe2 f4 30. Nxf7 Rf8 31. Nd6+ Kc7 32. c4 f3 33. Re8 ({Don't choose} 33. cxd5 $2 fxe2 34. b5 Bxf2 35. b6+ Kb8 $19) 33... Rxe8 34. Nxe8+ Kd8 35. cxd5 Bxf2 36. Nf6 Bxc5 37. Ne4 f2 38. Nxf2 Bxf2 39. Kc4 Kd7 40. a4 Bg3 41. Bg5 Kd6 42. h4 b5+ 43. axb5 axb5+ 44. Kxb5 Kxd5 45. h5 Be5 46. h6 Ke6 47. Bd2 Z0 48. Kc5 {[%emt 0:21:03] Bc1 0:21:03} Bg7 {[%emt 0:21:27] Kf7 0:37:47} 49. b5 {[%emt 0:21:50] Bf4 0:36:32 b6 0:22:09 Kg6 0:36:47 Kc6 0:22:15 Kh7 0:22:15 b7 0:21:30 Kg6 0:21:30} Kd7 {[%emt 0:36:48] Kh7 0:36:48 Kc8 0:22:24} 1-0

[Event "1.FrauenBL 2016-17"]
[Site "Berlin"]
[Date "2017.04.29"]
[Round "11.6"]
[White "Bluebaum, Bettina"]
[Black "Dietrich, Mareike"]
[Result "1-0"]
[ECO "E92"]
[WhiteElo "1987"]
[BlackElo "1712"]
[Annotator "NA"]
[PlyCount "75"]
[EventDate "2017.??.??"]
[EventType "team-tourn"]
[EventCountry "GER"]
[SourceTitle "playchess.com"]
[Source "ChessBase"]
[SourceQuality "1"]
[WhiteTeam "Hamburger SK"]
[BlackTeam "SV Medizin Erfurt"]
[TimeControl "40/6000+30:3000+30"]

1. d4 Nf6 2. c4 g6 3. Nc3 Bg7 4. e4 d6 5. Nf3 O-O 6. Be2 e5 7. Be3 Ng4 8. Bg5 f6 9. Bh4 g5 10. Bg3 Nh6 11. h3 Nc6 12. d5 {[%emt 1:24:14] E92: King's Indian: Classical: 6 Be2 e5: 7 dxe5, 7 Be3 and Petrosian System without 7...Nbd7} Ne7 13. Nd2 f5 (13... Ng6 14. Bg4 f5 15. exf5 Nxf5 16. Nde4 Nf4 17. Rg1 h6 18. Qd2 h5 19. Bxf5 Bxf5 {½-½ (56) Postny,E (2631)-Saric,I (2628) Bastia 2013}) 14. f3 Nf7 $146 (14... Ng6 15. Qc2 g4 16. hxg4 fxg4 17. O-O-O Nf4 18. Rh2 Qg5 {½-½ (50) Spiess,G (2427)-Uhlmann,W (2412) Germany 2009}) 15. Qc2 Bd7 16. Bf2 c5 17. h4 g4 18. h5 a6 19. Bh4 Qe8 20. Bxe7 Qxe7 21. exf5 g3 (21... gxf3 $11 22. Bxf3 (22. gxf3 Nh6 23. Bd3 Nxf5 24. Bxf5 Bxf5 $17) 22... e4 23. Bxe4 (23. Qxe4 Qg5 24. Qe2 Rae8 $17) 23... b5) 22. Bd3 Ng5 23. Ne2 $18 Nf7 24. Rh3 Nh6 25. Nxg3 Qf7 26. O-O-O Nxf5 27. Nxf5 Bxf5 28. Bxf5 Qxf5 29. Ne4 Bh6+ 30. Kb1 Rad8 31. Rg1 Be3 32. g4 Qf7 33. Rg2 b5 34. Qe2 Qf4 35. g5 bxc4 36. Rg4 Z0 {[%emt 0:10:59] Rf5 0:10:59} 37. Qd1 Bc1 38. Rh1 {[%emt 0:10:59] Qc1 0:10:59} 1-0

[Event "1.FrauenBL 2016-17"]
[Site "Berlin"]
[Date "2017.04.29"]
[Round "11.7"]
[White "Korenova, Martina"]
[Black "Hund, Barbara"]
[Result "1-0"]
[ECO "E11"]
[WhiteElo "2154"]
[BlackElo "2127"]
[Annotator "NA"]
[PlyCount "93"]
[EventDate "2017.??.??"]
[EventType "team-tourn"]
[EventCountry "GER"]
[SourceTitle "playchess.com"]
[Source "ChessBase"]
[SourceQuality "1"]
[WhiteTeam "Rodewischer SM"]
[BlackTeam "Karlsruher SF"]
[TimeControl "40/6000+30:3000+30"]

1. d4 Nf6 2. c4 e6 3. g3 Bb4+ 4. Bd2 Qe7 5. Bg2 Nc6 6. Nf3 Ne4 7. O-O O-O {[%emt 1:22:17] E11: Bogo-Indian} (7... Nxd2 8. Nbxd2 O-O 9. Nb3 b6 10. Rc1 Rb8 11. a3 Bd6 12. e4 Qd8 13. e5 Be7 14. d5 Na5 15. Nbd2 {½-½ (54) Danielian,E (2484)-Melia,S (2410) Batumi 2012}) 8. a3 Bxd2 9. Nfxd2 $146 (9. Nbxd2 f5 10. e3 d5 11. cxd5 exd5 12. Qb3 Qd6 13. Rac1 Ne7 14. Nxe4 fxe4 15. Ne5 {½-½ (61) De Mattos,C (1800)-Dacak,F (1698) Foz do Iguacu 2015}) 9... Nxd2 10. Qxd2 d6 11. Nc3 e5 12. Nd5 Qd8 13. e3 Be6 14. Rfe1 Rb8 15. b4 Ne7 16. e4 (16. dxe5 $14 dxe5 17. Qc3) 16... Nc6 17. dxe5 dxe5 ({But not} 17... Nxe5 $6 18. Rac1 $14) 18. Rad1 Nd4 19. Qc3 c6 20. Ne3 Qb6 21. Nf5 Bxf5 22. exf5 f6 23. c5 Qc7 24. f4 Rbd8 25. Qc4+ Qf7 26. Qxf7+ Kxf7 27. fxe5 fxe5 28. Rc1 Kf6 29. g4 {[%emt 0:29:24] [#]} h5 $1 30. h3 hxg4 31. hxg4 Kg5 32. Rc3 Rfe8 33. Re4 Nb5 34. Rh3 Rd1+ 35. Kh2 Ra1 36. Ree3 Ra2 37. Kg3 Rxa3 38. Rh5+ Kf6 39. Rxa3 Nxa3 40. Be4 Rd8 41. g5+ Kf7 42. Rh7 Rd4 43. f6 Rxe4 44. Rxg7+ Ke6 45. Re7+ Kd5 46. g6 Re1 $18 47. f7 1-0

[Event "1.FrauenBL 2016-17"]
[Site "Berlin"]
[Date "2017.04.29"]
[Round "11.7"]
[White "Vidonyak, Nellya"]
[Black "Videnova, Iva"]
[Result "0-1"]
[ECO "A01"]
[WhiteElo "2120"]
[BlackElo "2370"]
[Annotator "NA"]
[PlyCount "100"]
[EventDate "2017.??.??"]
[EventType "team-tourn"]
[EventCountry "GER"]
[SourceTitle "playchess.com"]
[Source "ChessBase"]
[SourceQuality "1"]
[WhiteTeam "FC Bayern München"]
[BlackTeam "SK Schwäbisch Hall"]
[TimeControl "40/6000+30:3000+30"]

1. b3 g6 2. Bb2 Nf6 3. e4 Bg7 4. g3 d6 5. Bg2 e5 {[%emt 1:15:08] LiveBook: 14 Games} 6. Ne2 h5 7. h3 c5 8. Nbc3 Nc6 9. Nd5 Be6 (9... Nxd5 $15 10. exd5 Nd4) 10. Nxf6+ Bxf6 11. Nc3 Qd7 12. Nd5 Bg7 13. d3 Rc8 14. f4 (14. h4 $11) 14... O-O (14... Bxd5 $15 15. exd5 Nd4) 15. f5 Bxd5 16. exd5 Ne7 17. g4 (17. fxg6 $1 $11 fxg6 18. g4) 17... gxf5 18. gxh5 Bh6 19. Bc1 Bxc1 20. Qxc1 f4 21. Bf3 Kh8 22. Qd2 {[%emt 0:28:14] [#]} Rg8 $1 23. Bg4 f5 ({Don't take} 23... Rxg4 24. hxg4 Qxg4 25. Qe2 Qg3+ 26. Qf2 $15) 24. Bf3 Rg3 25. Qf2 Qe8 26. O-O-O Qf7 27. c4 Rcg8 28. Rdf1 R8g7 29. Qb2 Ng8 30. b4 b6 31. h6 Rh7 32. bxc5 bxc5 33. Bd1 Qf8 34. Kb1 Qxh6 35. Qb8 Rgg7 36. Bb3 Qf6 37. Rfg1 f3 38. Rf1 e4 39. Rhg1 Qd4 40. Rxg7 Qxd3+ 41. Kb2 Rxg7 42. Rd1 Qe2+ 43. Ka3 Qh2 44. Qf8 Qe5 45. h4 Qf6 (45... e3 $142 46. h5 Qc3) 46. Qe8 Qf7 47. Qxf7 $19 Rxf7 48. Rf1 Nf6 49. Bd1 Ng4 50. Ba4 Ne3 0-1

[Event "1.FrauenBL 2016-17"]
[Site "Berlin"]
[Date "2017.04.29"]
[Round "11.7"]
[White "Hapala, Elisabeth"]
[Black "Naiditsch, Irina"]
[Result "0-1"]
[ECO "B33"]
[WhiteElo "2091"]
[BlackElo "2237"]
[Annotator "NA"]
[PlyCount "114"]
[EventDate "2017.??.??"]
[EventType "team-tourn"]
[EventCountry "GER"]
[SourceTitle "playchess.com"]
[Source "ChessBase"]
[SourceQuality "1"]
[WhiteTeam "SG Augsburg"]
[BlackTeam "SF Deizisau"]
[TimeControl "40/6000+30:3000+30"]

1. e4 c5 2. Nf3 Nc6 3. d4 cxd4 4. Nxd4 Qb6 5. Nb3 Nf6 6. Nc3 e6 7. Bd3 a6 8. Be3 Qc7 9. f4 d6 10. Qf3 b5 {[%emt 1:30:11] B33: Sicilian: Pelikan and Sveshnikov Variations} 11. a4 b4 12. Nb1 $146 (12. Ne2 g6 13. Nd2 Bb7 14. O-O Bg7 15. Rae1 O-O 16. Kh1 Nd7 17. b3 Na5 18. Qh3 {1-0 (35) Naiditsch,A (2711)-Carow,J (2410) Deizisau 2015}) 12... e5 13. f5 Bb7 14. N1d2 Be7 15. g4 d5 16. g5 d4 17. Bf2 Nd7 18. h4 h6 19. O-O-O hxg5 20. hxg5 Rxh1 21. Rxh1 Bxg5 22. Qh5 Bf6 23. Bh4 (23. Rg1 $16) 23... O-O-O 24. Bxf6 Nxf6 25. Qg5 Rg8 26. Nc5 Na5 27. Nxb7 ({But not} 27. Nxa6 $2 Qd6 28. Qg3 Bxa6 $19) 27... Kxb7 28. b3 Ka7 29. Qg2 Qc5 30. Qe2 Qc6 31. Kb1 Nb7 32. Nf3 Nd7 33. Qh2 f6 34. Bc4 Rc8 ({Not} 34... Qxe4 $2 35. Nd2 (35. Bxg8 Qxf3 36. Rg1 Ndc5 $11) 35... Qxf5 36. Bxg8 $18) 35. Qe2 Nd6 36. Bd5 Qc3 37. Rh7 (37. Be6 {might work better.} Rc7 38. Bxd7 Rxd7 39. Rg1) 37... Nc5 38. Rxg7+ Kb6 39. Ne1 Rh8 40. Rg1 Rh3 41. Qg4 Re3 42. a5+ Kxa5 43. Qg8 Rxe1+ 44. Rxe1 Qxe1+ 45. Ka2 Ncb7 46. Bxb7 Nxb7 47. Qd5+ Kb6 48. Qe6+ Ka7 49. Qxf6 Qxe4 50. Kb2 d3 51. cxd3 Qe2+ 52. Kc1 Qe1+ 53. Kb2 Qc3+ 54. Ka2 Qc2+ 55. Ka1 Qc1+ 56. Ka2 Qa3+ 57. Kb1 Qxb3+ 0-1

[Event "1.FrauenBL 2016-17"]
[Site "Berlin"]
[Date "2017.04.29"]
[Round "11.8"]
[White "Papp, Petra"]
[Black "Ankerst, Milka"]
[Result "1-0"]
[ECO "B35"]
[WhiteElo "2378"]
[BlackElo "2064"]
[Annotator "NA"]
[PlyCount "59"]
[EventDate "2017.??.??"]
[EventType "team-tourn"]
[EventCountry "GER"]
[SourceTitle "playchess.com"]
[Source "ChessBase"]
[SourceQuality "1"]
[WhiteTeam "SK Schwäbisch Hall"]
[BlackTeam "FC Bayern München"]
[TimeControl "40/6000+30:3000+30"]

1. e4 c5 2. Nf3 Nc6 3. Nc3 g6 4. d4 cxd4 5. Nxd4 Bg7 6. Be3 Nf6 7. Bc4 Qa5 8. O-O O-O 9. Bb3 d6 10. h3 Bd7 11. Re1 Nxd4 12. Bxd4 Bc6 {[%emt 1:20:52] B35: Sicilian: Accelerated Dragon with 5 Nc3: main line} 13. Nd5 Bxd5 14. exd5 Rfe8 {[%emt 1:14:50] LiveBook: 16 Games} 15. c3 ({Relevant:} 15. c4 a6 16. Re3 Rac8 17. Bc3 Qc5 18. a3 Nd7 19. Bxg7 Kxg7 20. Ba2 {½-½ (42) Havelka,J (2330)-Gasanov,E (2466) Marianske Lazne 2017}) 15... a6 16. Be3 $146 ({Predecessor (4):} 16. Qf3 Nd7 17. Bxg7 Kxg7 18. Re3 Nf6 19. Rae1 Qc7 20. g4 {1-0 (34) Pecha,T (2239)-Certek,P (2322) Slovakia 2011}) 16... Rac8 17. Bg5 Rc5 18. Qf3 Qd8 19. Re2 Nd7 20. Rae1 Be5 21. h4 h5 $2 (21... Qc8 $16) 22. Rxe5 Nxe5 {[%emt 0:24:32] [#]} 23. Rxe5 $1 f6 24. Re6 Rf8 25. Bh6 Rf7 26. Bc2 Rh7 27. Be3 Rc4 28. Bxg6 Rxh4 29. Bxh7+ Kxh7 30. g3 $18 1-0

[Event "1.FrauenBL 2016-17"]
[Site "Berlin"]
[Date "2017.04.29"]
[Round "11.8"]
[White "Schleining, Zoya"]
[Black "Georgescu, Lena"]
[Result "1-0"]
[ECO "A80"]
[WhiteElo "2349"]
[BlackElo "2187"]
[Annotator "ChessBase"]
[PlyCount "41"]
[EventDate "2017.??.??"]
[EventType "team-tourn"]
[EventCountry "GER"]
[SourceTitle "playchess.com"]
[Source "ChessBase"]
[SourceQuality "1"]
[WhiteTeam "SF Deizisau"]
[BlackTeam "SG Augsburg"]
[TimeControl "40/6000+30:3000+30"]

1. d4 f5 2. Nc3 Nf6 3. Bg5 d5 4. e3 e6 5. Nf3 Be7 6. Bd3 O-O 7. O-O b6 8. Ne2 h6 9. Bxf6 Bxf6 10. c4 c6 11. Rc1 Bb7 12. Qb3 g5 13. Ne5 Bxe5 14. dxe5 Nd7 15. cxd5 Nc5 16. Rxc5 bxc5 17. d6 Qd7 18. Bc4 Rfe8 19. f4 Kg7 20. Ng3 Kg6 21. e4 1-0

[Event "1.FrauenBL 2016-17"]
[Site "Berlin"]
[Date "2017.04.29"]
[Round "11.8"]
[White "Scheynin, Julia"]
[Black "Steinbacher, Claudia"]
[Result "1/2-1/2"]
[ECO "B25"]
[WhiteElo "2028"]
[BlackElo "2043"]
[Annotator "NA"]
[PlyCount "105"]
[EventDate "2017.??.??"]
[EventType "team-tourn"]
[EventCountry "GER"]
[SourceTitle "playchess.com"]
[Source "ChessBase"]
[SourceQuality "1"]
[WhiteTeam "Karlsruher SF"]
[BlackTeam "Rodewischer SM"]
[TimeControl "40/6000+30:3000+30"]

1. e4 c5 2. Nc3 Nc6 3. g3 g6 4. Bg2 Bg7 5. f4 d6 6. d3 e6 7. Nf3 Nge7 8. O-O O-O 9. Bd2 a6 10. Rb1 b5 {[%emt 1:12:35] B25: Closed Sicilian: 3 g3, lines without early Be3} (10... Rb8 11. Ne2 b5 12. c3 Bd7 13. g4 f5 14. g5 e5 15. fxe5 Nxe5 16. Nxe5 dxe5 17. Be3 Qc7 18. Qc2 {0-1 (37) Kopta,J (1960)-Kocian,K (2222) Czechia 2014}) 11. a3 Qb6 12. Kh1 a5 $146 (12... Bb7 13. Qe1 a5 14. Nd1 b4 15. Ne3 Ba6 16. g4 Nd4 17. Nxd4 Bxd4 18. Nc4 Bxc4 19. dxc4 {0-1 (29) Gonzalez Lopez,L-Alcaraz Soriano,A Murcia 2000}) 13. a4 bxa4 14. Nxa4 Qc7 15. b3 Nd4 16. Nxd4 cxd4 ({Don't capture} 16... Bxd4 $2 17. e5 Ba6 18. c3 $18) 17. c3 Ba6 18. c4 Nc6 19. f5 f6 20. fxe6 Rae8 21. Bf4 Ne5 22. Bxe5 dxe5 23. b4 axb4 24. Rxb4 Rxe6 25. Qb3 Rf7 26. Rb1 Bf8 27. c5 Rc6 28. Rc1 (28. Bh3 $11) 28... Bc8 29. Rb6 Rxb6 30. Nxb6 Kg7 $11 ({Don't take} 30... Bxc5 $2 31. Nxc8 (31. Na4 Qb7 32. Nxc5 Qxb3 33. Nxb3 Be6 $18) 31... Qxc8 32. Qc4 $18) 31. Nd5 Qa5 32. Qc2 Ra7 33. Qf2 Qd8 34. c6 Bd6 35. Rf1 Rf7 36. Qc2 Be6 37. Rc1 Bxd5 38. exd5 Qa5 39. g4 Qa3 40. Rf1 Rc7 41. Be4 Be7 42. Qf2 Qd6 43. Qa2 Qc5 44. Qb2 Bd6 45. Qf2 Rf7 46. Qg2 Bc7 47. h4 Rf8 48. h5 Qd6 49. Qh3 Bd8 50. h6+ Kh8 51. Qg2 f5 52. Z0 g5 53. Z0 {[%emt 0:12:14] Rh8 0:12:14} 1/2-1/2

[Event "1.FrauenBL 2016-17"]
[Site "Berlin"]
[Date "2017.04.29"]
[Round "11.9"]
[White "Sieber, Fiona"]
[Black "Endress, Anna"]
[Result "1-0"]
[ECO "B90"]
[WhiteElo "2193"]
[BlackElo "2116"]
[Annotator "NA"]
[PlyCount "55"]
[EventDate "2017.??.??"]
[EventType "team-tourn"]
[EventCountry "GER"]
[SourceTitle "playchess.com"]
[Source "ChessBase"]
[SourceQuality "1"]
[WhiteTeam "SK Lehrte"]
[BlackTeam "TuRa Harksheide"]
[TimeControl "40/6000+30:3000+30"]

1. e4 c5 2. Nf3 d6 3. d4 cxd4 4. Nxd4 Nf6 5. Nc3 a6 6. Be3 e5 7. Nb3 Be7 8. f3 Be6 9. Qd2 h5 10. O-O-O Nbd7 11. Kb1 Rc8 12. Be2 {[%emt 1:02:46] B90: Sicilian Najdorf: Unusual White 6th moves, 6 Be3 Ng4 and 6 Be3 e5} ({Relevant:} 12. Bd3 Qc7 13. h3 h4 14. f4 b5 15. Rhe1 Bc4 16. fxe5 dxe5 17. Nd5 Nxd5 18. exd5 Bxd3 19. Qxd3 Qc4 {1-0 (27) Shirov,A (2683)-Delgado Ramirez,N (2615) Florianopolis 2017}) 12... Qc7 13. Rhe1 O-O $146 ({Predecessor (3):} 13... b5 14. Nd5 Bxd5 15. exd5 Nb6 16. Bxb6 Qxb6 17. Bf1 O-O 18. g3 Bd8 19. f4 e4 {0-1 (39) Liwak,P (2250)-Staniszewski,P (2435) Poland 1998}) 14. f4 Nb6 15. Bxb6 Qxb6 16. f5 Bc4 17. h3 Rfd8 18. Bxc4 Rxc4 {[%emt 0:20:07] [#]} 19. g4 $1 d5 20. Nxd5 Nxd5 21. exd5 hxg4 22. Qe2 Rdc8 23. hxg4 $14 Bf6 24. d6 e4 25. d7 R8c6 26. Rh1 Qc7 27. Qh2 g6 28. d8=R+ 1-0

[Event "1.FrauenBL 2016-17"]
[Site "Berlin"]
[Date "2017.04.29"]
[Round "11.9"]
[White "Birkholz, Olga"]
[Black "Klek, Hanna Marie"]
[Result "1/2-1/2"]
[ECO "A47"]
[WhiteElo "2082"]
[BlackElo "2376"]
[Annotator "ChessBase"]
[PlyCount "79"]
[EventDate "2017.??.??"]
[EventType "team-tourn"]
[EventCountry "GER"]
[SourceTitle "playchess.com"]
[Source "ChessBase"]
[SourceQuality "1"]
[WhiteTeam "SG Augsburg"]
[BlackTeam "SF Deizisau"]
[TimeControl "40/6000+30:3000+30"]

1. d4 Nf6 2. Nf3 e6 3. c3 c5 4. e3 b6 5. Bd3 Bb7 6. Nbd2 Be7 7. O-O O-O 8. Ne5 d6 9. Ng4 Nbd7 10. f4 e5 11. fxe5 dxe5 12. dxe5 Nxg4 13. Qxg4 Bg5 14. Qh3 Bh6 15. Nf3 Bxf3 16. gxf3 Nxe5 17. Be4 Rc8 18. Qf5 Ng6 19. f4 Rc7 20. Bc2 c4 21. e4 Ne7 22. Qh3 f5 23. Be3 fxe4 24. Bxe4 Rd7 25. Qe6+ Kh8 26. Qxc4 Nf5 27. Bxf5 Rxf5 28. Rf3 Qf8 29. Raf1 Rdf7 30. Qd4 Bg5 31. Kg2 Qa8 32. Kg3 Be7 33. Qc4 b5 34. Qd3 Qc6 35. Kg2 Bd6 36. Kg1 a6 37. Qc2 h6 38. Qd3 Bc7 39. Qc2 Bd6 40. Qd3 1/2-1/2

[Event "1.FrauenBL 2016-17"]
[Site "Berlin"]
[Date "2017.04.29"]
[Round "11.9"]
[White "Spiel, Marianne"]
[Black "Rapport, Jovana"]
[Result "0-1"]
[ECO "B02"]
[WhiteElo "1921"]
[BlackElo "2334"]
[Annotator "ChessBase"]
[PlyCount "60"]
[EventDate "2017.??.??"]
[EventType "team-tourn"]
[EventCountry "GER"]
[SourceTitle "playchess.com"]
[Source "ChessBase"]
[SourceQuality "1"]
[WhiteTeam "FC Bayern München"]
[BlackTeam "SK Schwäbisch Hall"]
[TimeControl "40/6000+30:3000+30"]

1. e4 g6 2. d4 Nf6 3. Nc3 d5 4. exd5 Nxd5 5. Nf3 Nxc3 6. bxc3 Bg7 7. Be2 c5 8. O-O O-O 9. Be3 Nd7 10. Qd2 Nf6 11. Rfd1 Ne4 12. Qd3 Bf5 13. Qc4 b5 14. Qb3 c4 15. Qb2 Qa5 16. Bd2 Qa4 17. Be1 Rfd8 18. Nh4 Be6 19. g3 Bd5 20. Ng2 Ng5 21. Nh4 Be4 22. Rac1 Qa6 23. Bd2 Qf6 24. f4 Nh3+ 25. Kf1 g5 26. Ng2 Qc6 27. Ne1 gxf4 28. Bg4 fxg3 29. hxg3 Qf6+ 30. Ke2 Qf2# 0-1

[Event "1.FrauenBL 2016-17"]
[Site "Berlin"]
[Date "2017.04.29"]
[Round "11.10"]
[White "Straub, Natalia"]
[Black "Horvath, Miklosne"]
[Result "1-0"]
[ECO "D11"]
[WhiteElo "2188"]
[BlackElo "2130"]
[Annotator "NA"]
[PlyCount "123"]
[EventDate "2017.??.??"]
[EventType "team-tourn"]
[EventCountry "GER"]
[SourceTitle "playchess.com"]
[Source "ChessBase"]
[SourceQuality "1"]
[WhiteTeam "SF Deizisau"]
[BlackTeam "SG Augsburg"]
[TimeControl "40/6000+30:3000+30"]

1. d4 d5 2. c4 c6 3. Nf3 Nf6 4. Qc2 g6 5. Bf4 Bf5 6. Qb3 Qb6 7. c5 Qxb3 8. axb3 Nbd7 9. Nc3 {[%emt 1:19:32] D11: Slav Defence: 3 Nf3 sidelines and 3...Nf6 4 e3 Bg4} a6 10. h3 h5 11. e3 Bg7 12. b4 O-O {[%emt 1:02:42] LiveBook: 3 Games} 13. Nh4 $146 (13. Be2 Rfe8 14. O-O Ne4 15. Rfd1 f6 16. Bh2 g5 17. Nxe4 Bxe4 18. Nd2 Bg6 19. Re1 {1-0 (41) Makarov,M (2505)-Grinberg,I (2112) St Petersburg 2014}) 13... Be6 ({Better is} 13... Rfe8 $11) 14. Bd3 Nh7 15. Kd2 Ndf6 16. Nf3 Rad8 17. Rag1 Bc8 18. Kc2 Rde8 19. Bc7 Bd7 20. Bh2 Bc8 21. Bc7 Bd7 22. Bh2 Bc8 23. Nd2 Nd7 24. f4 f5 25. g4 hxg4 26. hxg4 Ndf6 27. gxf5 Bxf5 28. Nf3 Ng4 29. Nd1 Nhf6 30. Nh4 Bxd3+ 31. Kxd3 Kf7 32. Nf3 Rh8 33. Ng5+ Kg8 34. Bg3 Rh5 35. Nf2 ({Better is} 35. Bh4 $14) 35... Nh6 36. Nfh3 Nf5 37. Be1 Bh6 38. Nf3 Kh7 39. Nf2 Rxh1 40. Rxh1 Kg7 41. Ne5 Rg8 42. Nfg4 Ne4 43. Bh4 Rh8 44. Be1 Rg8 45. Nf3 Rh8 46. Bh4 (46. Rg1 $16) 46... Nf6 (46... Kg8 $11) 47. Nf2 (47. Nge5 $16) 47... Rg8 48. Bg5 Rh8 49. Bxh6+ Rxh6 50. Rxh6 Kxh6 51. Ng5 Ng7 52. Nf7+ Kh5 53. Nd8 Kh4 54. Nxb7 Ne6 {[%emt 0:02:52] [#]} 55. Na5 ({White should play} 55. Ke2 $1 $18) 55... Kg3 (55... Nd8 $142) 56. Ke2 ({Stronger than} 56. Nxc6 Kxf2 57. Nxe7 g5 58. fxg5 Nxg5 $11) 56... Nd8 57. Nd3 Ng4 $2 {[%emt 0:02:28] [#]} (57... Nd7 58. Ne1 Kg4) 58. b5 $1 axb5 (58... cxb5 {was necessary.} 59. Nb4 Nf6) 59. Nb4 Nh6 60. Naxc6 $18 Nxc6 61. Nxc6 Nf5 62. Ne5 1-0